Map: Lost and Found LE

Players

FLORENCIO - Winner!

  • Race: Protoss Protoss
  • League: Master
  • Spawn Location: 1:00

Destiny

  • Race: Terran Terran
  • League: Diamond
  • Spawn Location: 7:00

VOD

Have the link to the VOD?

Description

Time

  • Played on: July 14, 2018, 2:52 p.m.
  • Length: 13:31
Show
View Real Time Build Order
Export as new Build Order

FLORENCIO Protoss - Winner!

Build Orders:  

Get SALT Encoding   

  1  0:00  Probe  
  13  0:07  Probe  
  14  0:18  Assimilator  
  14  0:38  Probe  
  15  1:46  Probe  
  15  1:59  Pylon  
  15  2:00  Probe  
  15  2:16  Assimilator  
  15  2:19  Gateway  
  15  2:22  Probe  
  16  2:33  Pylon  
  16  2:34  Probe  
  17  2:46  Probe  
  17  2:48  Assimilator  
  18  2:58  Probe  
  19  3:00  Zealot  
  19  3:01  Forge  
  19  3:10  Probe  
  21  3:17  Pylon  
  18  3:47  Photon Cannon  
  17  4:05  Cybernetics Core  
  17  4:15  Zealot  
  19  4:29  Probe  
  17  4:37  Probe  
  19  4:47  Stalker  
  19  4:49  Probe  
  21  5:01  Probe  
  22  5:17  Stalker  
  22  5:47  Stalker  
  22  5:48  Probe  
  24  5:56  Probe  
  25  5:59  Pylon  
  26  6:04  Probe  
  27  6:17  Probe  
  28  6:25  Stalker  
  28  6:28  Stargate  
  28  6:30  Stargate  
  30  6:33  Probe  
  31  6:41  Shield Battery  
  31  6:49  Pylon  
  31  7:04  Probe  
  32  7:09  Void Ray  
  32  7:13  Void Ray  
  40  7:26  Pylon  
  39  7:52  Void Ray  
  39  8:18  Void Ray  
  45  8:34  Pylon  
  45  8:36  Pylon, Stalker  
  45  8:53  Void Ray  
  49  8:58  Shield Battery  
  45  9:27  Void Ray  
  47  10:02  Nexus  
  47  10:17  Pylon  
  47  10:18  Pylon  
  47  10:36  Void Ray  
  51  10:50  Void Ray  
  51  10:52  Pylon  
  55  11:06  Pylon  
  55  11:15  Gateway, Probe  
  56  11:19  Void Ray  
  56  11:24  Gateway  
  60  11:27  Probe  
  57  11:49  Void Ray  
  61  12:13  Assimilator  
  61  12:15  Assimilator  
  61  12:17  Cybernetics Core  
  61  12:20  Probe  
  62  12:22  Pylon  
  62  12:33  Probe  
  63  12:40  Shield Battery  
  63  12:44  Shield Battery  
  63  12:54  Stalker  
  63  12:55  Stalker  
Show
View Real Time Build Order
Export as new Build Order

Destiny Terran 

Build Orders:  

Get SALT Encoding   

  12  0:00  SCV  
  13  0:12  SCV  
  14  0:17  Supply Depot  
  14  0:25  SCV  
  15  0:28  Refinery  
  15  0:38  SCV  
  16  0:44  Barracks  
  16  0:50  SCV  
  17  1:02  SCV  
  18  1:14  SCV  
  16  1:32  Marine  
  14  1:36  SCV  
  7  1:48  SCV  
  7  1:57  Reaper  
  7  2:10  SCV  
  8  2:22  SCV  
  9  2:45  SCV  
  10  2:57  SCV  
  11  3:02  Marine  
  12  3:10  SCV  
  13  3:23  SCV  
  14  3:34  Reaper  
  15  4:03  SCV  
  15  4:05  Factory  
  16  4:15  SCV  
  16  4:27  SCV  
  17  4:34  Refinery  
  17  4:39  SCV  
  18  4:51  SCV  
  19  4:56  Cyclone  
  19  4:58  Supply Depot  
  22  5:03  SCV  
  22  5:05  Barracks Reactor  
  23  5:19  SCV  
  22  5:48  Orbital Command  
  25  5:50  Cyclone x2  
  25  5:52  Marine  
  29  6:07  Starport  
  29  6:11  Supply Depot  
  29  6:20  Barracks Tech Lab  
  29  6:27  Widow Mine  
  31  6:33  SCV  
  32  6:43  Stimpack  
  32  6:45  SCV  
  33  6:54  Medivac  
  35  7:02  SCV  
  36  7:09  Supply Depot  
  36  7:25  Command Center  
  36  7:39  Barracks  
  36  7:42  Medivac  
  38  7:46  Widow Mine  
  41  7:59  Marauder  
  41  8:10  Liberator  
  37  8:20  Marine  
  38  8:27  Barracks Reactor  
  41  8:36  Cyclone  
  41  8:38  Orbital Command, Marine  
  45  8:51  SCV  
  46  8:56  Marauder  
  48  9:03  SCV  
  48  9:05  Engineering Bay  
  43  9:17  Marine x3  
  35  9:31  Widow Mine  
  28  9:35  Marine x2  
  28  9:38  Marine  
  27  9:40  Missile Turret  
  21  9:57  SCV  
  16  10:15  Missile Turret  
  16  10:19  SCV  
  16  10:52  Marine  
  16  11:07  Missile Turret  
  15  11:43  SCV  
  14  12:09  Command Center  
Tags
 
Add a new tag
Caveats
  • Supply blocks, unpowered buildings, or Contaminate may cause inaccurate times.
  • Supply counts are checked every 10 seconds.